[Event "LTU-chT 2019"]
[Site "Lithuania"]
[Date "2019.01.26"]
[Round "1"]
[White "Vaznonis, Vytautas"]
[Black "Paulauskas, Andrius"]
[Result "1-0"]
[ECO "D11"]
[WhiteElo "2388"]
[BlackElo "1867"]
[Annotator "NA"]
[PlyCount "97"]
[EventDate "2019.01.26"]
[EventType "team-tourn"]
[EventCountry "LTU"]
[SourceTitle "playchess.com"]
[Source "ChessBase"]
[SourceQuality "1"]
[TimeControl "40/5400+30:1800+30"]

1. d4 d5 2. c4 c6 3. Nf3 Nf6 4. e3 Nbd7 5. Bd3 e6 6. Nbd2 Bd6 7. O-O O-O 8. e4 dxe4 9. Nxe4 Nxe4 10. Bxe4 h6 11. Bc2 e5 12. Re1 exd4 13. Qxd4 Nf6 14. Qc3 (14. Rd1 $16 Bc7 15. Qh4) 14... Be6 $14 15. Be3 Qe7 16. c5 Bc7 17. Nd4 Be5 18. f4 Bxd4 19. Bxd4 Nd5 20. Qg3 Nf6 21. f5 Qd8 22. Bxf6 Qxf6 23. fxe6 fxe6 24. Qd3 Qf2+ 25. Kh1 Rf5 26. Rf1 Qxc5 27. Rxf5 exf5 28. Qxf5 Qxf5 29. Bxf5 Rd8 30. h4 g5 31. hxg5 hxg5 32. Be6+ Kg7 33. Rf1 Re8 34. Rf7+ Kg6 35. Bb3 Kh5 36. Rxb7 Kg4 37. Kh2 Rh8+ 38. Kg1 Re8 39. Bd1+ Kg3 40. Rb3+ Kf4 41. Kf2 Rd8 42. Rf3+ Ke5 43. Re3+ Kd4 44. Bf3 c5 45. Re4+ Kd3 46. b3 Rf8 47. Rc4 Rf5 48. Kg3 Re5 49. Kg4 1-0

[Event "LTU-chT 2019"]
[Site "Lithuania"]
[Date "2019.01.26"]
[Round "1"]
[White "Salna, Aleksandras"]
[Black "Kazakovskiy, Valeriy"]
[Result "0-1"]
[ECO "A45"]
[WhiteElo "1955"]
[BlackElo "2456"]
[Annotator "ChessBase"]
[PlyCount "70"]
[EventDate "2019.01.26"]
[EventType "team-tourn"]
[EventCountry "LTU"]
[SourceTitle "playchess.com"]
[Source "ChessBase"]
[SourceQuality "1"]
[TimeControl "40/5400+30:1800+30"]

1. d4 Nf6 2. Bf4 e6 3. e3 b6 4. Nf3 Be7 5. h3 O-O 6. Bd3 c5 7. c3 cxd4 8. cxd4 Nd5 9. O-O Nxf4 10. exf4 Bb7 11. Nc3 Nc6 12. a3 Bf6 13. d5 Ne7 14. d6 Nd5 15. Nxd5 Bxd5 16. Rc1 g6 17. Qe2 Bxf3 18. gxf3 Rc8 19. Ba6 Rc6 20. Rfd1 Qa8 21. Qe4 Bxb2 22. Rxc6 Qxc6 23. Qxc6 dxc6 24. a4 Rd8 25. Bb7 c5 26. Ba6 Bd4 27. f5 gxf5 28. Kf1 Rxd6 29. Ke2 Rd8 30. Rb1 Kg7 31. Bd3 Bxf2 32. Bxf5 exf5 33. Kxf2 Kf6 34. a5 Rd6 35. a6 Rd2+ 0-1

[Event "LTU-chT 2019"]
[Site "Lithuania"]
[Date "2019.01.26"]
[Round "1"]
[White "Boyajyan, David"]
[Black "Pilipuitis, Mantas"]
[Result "*"]
[ECO "D91"]
[WhiteElo "1890"]
[BlackElo "1825"]
[Annotator "NA RC"]
[PlyCount "22"]
[EventDate "2019.01.26"]
[EventType "team-tourn"]
[EventCountry "LTU"]
[SourceTitle "playchess.com"]
[Source "ChessBase"]
[SourceQuality "1"]
[TimeControl "40/5400+30:1800+30"]

1. d4 Nf6 2. c4 g6 3. Nc3 d5 4. Nf3 Bg7 5. Bg5 Ne4 6. cxd5 Nxg5 7. Nxg5 e6 8. Nf3 exd5 9. e3 O-O 10. Bd3 Be6 11. O-O Nd7 *

[Event "LTU-chT 2019"]
[Site "Lithuania"]
[Date "2019.01.26"]
[Round "1"]
[White "Vardanyan, Aras"]
[Black "Juksta, Karolis"]
[Result "1-0"]
[ECO "D35"]
[WhiteElo "1884"]
[BlackElo "2285"]
[Annotator "NA"]
[PlyCount "85"]
[EventDate "2019.01.26"]
[EventType "team-tourn"]
[EventCountry "LTU"]
[SourceTitle "playchess.com"]
[Source "ChessBase"]
[SourceQuality "1"]
[TimeControl "40/5400+30:1800+30"]

1. d4 e6 2. c4 d5 3. Nc3 Nf6 4. cxd5 exd5 5. Bg5 Nbd7 6. e3 c6 7. Bd3 h6 8. Bf4 Nb6 9. Nge2 Bd6 10. O-O O-O 11. Qd2 Be6 12. f3 Bxf4 13. Nxf4 Qd6 14. Qf2 Rfe8 15. Qg3 Rad8 16. Rae1 a6 $14 17. a3 Nc8 18. Na4 Ne7 19. Nxe6 Qxe6 20. Nc5 Qc8 21. e4 Nd7 22. b4 Nxc5 23. dxc5 dxe4 24. fxe4 Ng6 25. e5 Nxe5 26. Bxa6 f6 27. Qb3+ Kh8 28. Be2 Rd2 29. Qe3 Red8 30. Rxf6 gxf6 31. Qxh6+ Kg8 32. Bc4+ R8d5 33. Bxd5+ Rxd5 34. Qxf6 Qg4 35. h3 Qg3 36. Rf1 Qg7 37. Qe6+ Kh7 38. Rf5 Qc7 39. Rh5+ Kg7 40. Rg5+ Kh7 41. Rh5+ Kg7 42. Qh6+ Kg8 43. Rg5+ 1-0

[Event "LTU-chT 2019"]
[Site "Lithuania"]
[Date "2019.01.27"]
[Round "2"]
[White "Bucinskas, Valdas"]
[Black "Bieliauskas, Marius"]
[Result "1/2-1/2"]
[ECO "B32"]
[WhiteElo "2297"]
[BlackElo "2183"]
[Annotator "NA"]
[PlyCount "62"]
[EventDate "2019.01.26"]
[EventType "team-tourn"]
[EventCountry "LTU"]
[SourceTitle "playchess.com"]
[Source "ChessBase"]
[SourceQuality "1"]
[TimeControl "40/5400+30:1800+30"]

1. e4 c5 2. Nf3 Nc6 3. d4 cxd4 4. Nxd4 e5 5. Nb5 d6 6. c4 Be7 7. N1c3 a6 8. Na3 Be6 9. Nc2 Bg5 10. Be2 Bxc1 11. Rxc1 Nf6 12. O-O Rc8 13. Qd2 O-O 14. Rfd1 {[%emt 0:01:03] B32: Sicilian: Löwenthal and Kalashnikov Variations} Qb6 15. b3 Rfd8 16. Qe3 {[%emt 0:04:46] LiveBook: 3 Games} Qxe3 17. Nxe3 Nd4 {[%emt 0:00:58] [#]} 18. Bf1 $146 ({Predecessor:} 18. Kf1 Kf8 19. Nc2 Nxc2 20. Rxc2 Ke7 21. Rcc1 Rc6 22. f3 Rdc8 {½-½ (47) Svetushkin,D (2588)-Bacrot,E (2705) Calvi 2013}) 18... Kf8 19. f3 Ke7 20. Nc2 Nxc2 21. Rxc2 Rc6 22. a4 a5 23. h4 Nd7 24. g3 Nc5 25. Rb2 g6 26. Kh2 Rb6 27. Nb5 f5 28. Bd3 Rf8 29. exf5 gxf5 30. Bc2 h6 31. Rbb1 $11 Rd8 1/2-1/2

[Event "LTU-chT 2019"]
[Site "Lithuania"]
[Date "2019.01.27"]
[Round "2"]
[White "Juksta, Karolis"]
[Black "Martinkus, Rolandas"]
[Result "1-0"]
[ECO "D35"]
[WhiteElo "2285"]
[BlackElo "2185"]
[Annotator "ChessBase"]
[PlyCount "151"]
[EventDate "2019.01.26"]
[EventType "team-tourn"]
[EventCountry "LTU"]
[SourceTitle "playchess.com"]
[Source "ChessBase"]
[SourceQuality "1"]
[TimeControl "40/5400+30:1800+30"]

1. d4 Nf6 2. c4 e6 3. Nc3 d5 4. cxd5 exd5 5. Bg5 Bb4 6. a3 Bxc3+ 7. bxc3 c6 8. e3 Qa5 9. Ne2 Ne4 10. Bf4 b6 11. Qb3 Ba6 12. Qb4 Qxb4 13. cxb4 Bc4 14. f3 Nf6 15. g4 Nfd7 16. Bg2 b5 17. Nc3 a5 18. Kd2 Ke7 19. e4 Nf8 20. Be3 Ne6 21. Rhe1 Rd8 22. e5 Rd7 23. f4 Rda7 24. Rac1 axb4 25. axb4 Nd7 26. f5 Nef8 27. h4 Nb6 28. Bh3 Ke8 29. h5 Na4 30. Nd1 Nb6 31. Nc3 Ra3 32. h6 gxh6 33. Bxh6 Na4 34. Re3 Nxc3 35. Rcxc3 R3a4 36. e6 fxe6 37. fxe6 Rxb4 38. g5 Ng6 39. Bf5 Rb2+ 40. Rc2 Rxc2+ 41. Bxc2 b4 42. Rf3 Ra1 43. Bg7 Rh1 44. Bf6 Rh2+ 45. Kc1 Re2 46. e7 b3 47. Bxb3 Bxb3 48. Rxb3 Kf7 49. Rb8 Nxe7 50. Rh8 Nf5 51. Rxh7+ Kg6 52. Rc7 Re6 53. Rc8 Nh4 54. Kd2 Kf5 55. Kd3 Ng6 56. Rc7 Nf4+ 57. Kc3 Ke4 58. Kb4 Nh5 59. Be5 Nf4 60. Bxf4 Kxf4 61. Kc5 Rg6 62. Rxc6 Rxg5 63. Rd6 Rh5 64. Rxd5 Rh8 65. Rd7 Ke4 66. Re7+ Kf5 67. d5 Kf6 68. d6 Rh1 69. Kc6 Rc1+ 70. Kb7 Rd1 71. Kc7 Rc1+ 72. Kd8 Ra1 73. Re2 Ra8+ 74. Kc7 Ra7+ 75. Kb6 Ra1 76. d7 1-0

[Event "LTU-chT 2019"]
[Site "Lithuania"]
[Date "2019.01.27"]
[Round "2"]
[White "Mickevicius, Juras"]
[Black "Tvarijonas, Tomas"]
[Result "1-0"]
[ECO "D11"]
[WhiteElo "2273"]
[BlackElo "2248"]
[Annotator "NA"]
[PlyCount "77"]
[EventDate "2019.01.26"]
[EventType "team-tourn"]
[EventCountry "LTU"]
[SourceTitle "playchess.com"]
[Source "ChessBase"]
[SourceQuality "1"]
[TimeControl "40/5400+30:1800+30"]

1. d4 d5 2. c4 c6 3. Nf3 Nf6 4. e3 e6 5. b3 Nbd7 {[%emt 0:00:00] D30: Queen's Gambit Declined: Systems without Nc3} 6. Bb2 Ne4 7. Bd3 f5 8. O-O Bd6 9. Ba3 Bxa3 {[%emt 0:04:49] LiveBook: 8 Games} 10. Nxa3 Qe7 11. Qc1 O-O 12. Qb2 a6 $146 ({Predecessor:} 12... b6 13. Rac1 Bb7 14. Rfd1 Rf6 15. Nb1 Rh6 16. Nbd2 g5 {0-1 (34) Khademalsharieh,S (2431)-Sumets,A (2575) Cap d'Agde 2018}) 13. Nc2 b5 14. cxd5 cxd5 15. a4 b4 16. a5 Qd6 17. Ne5 Rb8 18. Rfc1 Rb7 19. f3 Nef6 20. Ne1 Nb8 21. Bf1 Nfd7 22. N1d3 Nxe5 23. Nxe5 ({Resist} 23. dxe5 $6 Qe7 $16) 23... Bd7 24. Rc5 Bb5 (24... Rc8 {was worth a try.}) 25. Bxb5 Rxb5 26. Rxb5 axb5 27. Qc2 Qa6 28. Qc5 Rc8 29. Qxb4 (29. Qe7 $142) 29... h6 (29... Rc7 {was worth a try.} 30. Nd3 Kf7) 30. h4 Rc2 31. h5 Nc6 32. Qd6 Qc8 33. Ng6 Kh7 34. Nf8+ Kh8 35. Nxe6 Na7 36. Qe7 Qg8 37. Nf8 Nc6 $18 38. Ng6+ Kh7 39. Qd7 1-0

[Event "LTU-chT 2019"]
[Site "Lithuania"]
[Date "2019.01.27"]
[Round "2"]
[White "Steponavicius, Stasys"]
[Black "Zickus, Simonas"]
[Result "1/2-1/2"]
[ECO "D20"]
[WhiteElo "2194"]
[BlackElo "2330"]
[Annotator "ChessBase"]
[PlyCount "56"]
[EventDate "2019.01.26"]
[EventType "team-tourn"]
[EventCountry "LTU"]
[SourceTitle "playchess.com"]
[Source "ChessBase"]
[SourceQuality "1"]
[TimeControl "40/5400+30:1800+30"]

1. d4 d5 2. c4 dxc4 3. e3 e5 4. Bxc4 exd4 5. exd4 Nf6 6. Qb3 Qe7+ 7. Ne2 Qb4+ 8. Nbc3 Qxb3 9. axb3 c6 10. Bf4 b5 11. Bd3 Be6 12. O-O Bb4 13. Ne4 a5 14. Nxf6+ gxf6 15. Be4 Bxb3 16. Bxb8 Rxb8 17. Bxc6+ Ke7 18. Ng3 Rhd8 19. Be4 Kf8 20. Nf5 a4 21. Rfc1 Rdc8 22. Bd3 Bd2 23. Rxc8+ Rxc8 24. Bxb5 Bc1 25. Rb1 Ba2 26. Ra1 Bb3 27. Rb1 Ba2 28. Ra1 Bb3 1/2-1/2

[Event "LTU-chT 2019"]
[Site "Lithuania"]
[Date "2019.01.27"]
[Round "2"]
[White "Stremavicius, Pijus"]
[Black "Viskelis, Darius"]
[Result "1/2-1/2"]
[ECO "E10"]
[WhiteElo "2082"]
[BlackElo "2242"]
[Annotator "NA"]
[PlyCount "146"]
[EventDate "2019.01.26"]
[EventType "team-tourn"]
[EventCountry "LTU"]
[SourceTitle "playchess.com"]
[Source "ChessBase"]
[SourceQuality "1"]
[TimeControl "40/5400+30:1800+30"]

1. d4 Nf6 2. c4 e6 3. Nf3 d5 4. g3 a6 5. Bg2 dxc4 6. Ne5 Bb4+ {LiveBook: 101 Games E04: Open Catalan: 5 Nf3} (6... c5 7. Be3 Nd5 8. Nc3 Nxe3 9. fxe3 Nd7 10. Nxc4 Be7 11. dxc5 Bxc5 12. Nd6+ Bxd6 13. Qxd6 Qe7 14. Qd4 Nf6 15. O-O O-O {½-½ (64) Onischuk,A (2681)-Bruzon Batista,L (2673) Saint Louis 2018}) 7. Nc3 Nd5 8. Bd2 O-O (8... Nb6 $11) 9. Nxc4 Nc6 10. O-O $146 ({Predecessor:} 10. a3 Be7 11. e4 Nxc3 12. Bxc3 b5 13. Ne3 Bb7 14. d5 exd5 15. exd5 {1-0 (26) Cosma,E (2370)-Baciu,D (2127) Eforie Nord 2010}) 10... Nxd4 11. Nxd5 Bxd2 12. Qxd2 exd5 13. Qxd4 dxc4 14. Qxc4 Qe7 15. Qe4 Qf6 16. Qb4 a5 17. Qa3 c6 18. Rac1 Re8 19. e3 h5 20. h4 Bg4 21. Qb3 Qe7 22. a3 Red8 23. Qb6 a4 ({Black should play} 23... Rd2 $15) 24. f3 Be6 25. Qc5 Qc7 26. f4 Ra5 27. Qc3 (27. Qb4 $11 {keeps the balance.}) 27... Bg4 (27... Rb5 $17 28. Rcd1 Bg4) 28. Qb4 Rd3 29. Rc3 Rxc3 30. bxc3 Ra8 31. Rb1 b5 32. Qc5 Re8 33. Kf2 Qd7 34. Qd4 Qe7 35. Bxc6 Qxa3 36. Qb4 Qxb4 37. Rxb4 Rc8 38. Bxb5 Rxc3 (38... a3 $11) 39. Bxa4 Ra3 40. Bb3 Ra7 41. e4 Rc7 42. f5 Kf8 43. Ke3 Rc3+ $2 (43... f6 $16 44. Rb8+ Ke7) 44. Kd4 Rc7 45. Bc4 $2 (45. Rb8+ $18 Ke7 46. Rg8) 45... Ke7 46. Ke5 Ra7 47. Bd5 Rc7 48. Kf4 f6 49. e5 Ra7 (49... Rc5 $16 50. Rb7+ Kd8) 50. e6 Kd6 51. Be4 Bh3 52. Rb6+ Ke7 $1 53. Rb8 (53. Rb7+ Rxb7 54. Bxb7) 53... Bg4 54. Bc6 (54. Rb7+ $18 Rxb7 55. Bxb7) 54... Kd6 $2 (54... Be2 55. Re8+ Kd6) 55. Be4 Ke7 56. Rb6 $2 Bh3 57. Ke3 $2 Ra3+ 58. Kd4 Ra4+ 59. Kd3 Ra3+ 60. Kc2 Ra7 61. Kb3 (61. Rb5 $18) 61... g6 62. fxg6 Bxe6+ 63. Kb4 f5 64. Bf3 Ra1 65. Kc5 Rg1 {[#]} 66. Bxh5 $11 ({White should try} 66. Kd4 $1 $16 Kf6 67. Bb7 (67. Bxh5 Rxg3 68. Bd1 Rxg6 $11) 67... Rxg3 68. Bd5 Rg4+ 69. Kc5) 66... Rxg3 67. Be2 Rxg6 68. Bc4 f4 69. Kd4 f3 70. Rxe6+ Rxe6 71. Bxe6 Kxe6 72. Ke3 Kf5 73. Kxf3 Kg6 1/2-1/2

[Event "LTU-chT 2019"]
[Site "Lithuania"]
[Date "2019.01.27"]
[Round "2"]
[White "Babrauskas, Darius"]
[Black "Boyajyan, David"]
[Result "1/2-1/2"]
[ECO "C13"]
[WhiteElo "2019"]
[BlackElo "1890"]
[Annotator "NA"]
[PlyCount "112"]
[EventDate "2019.01.26"]
[EventType "team-tourn"]
[EventCountry "LTU"]
[SourceTitle "playchess.com"]
[Source "ChessBase"]
[SourceQuality "1"]
[TimeControl "40/5400+30:1800+30"]

1. e4 e6 2. d4 d5 3. Nc3 Nf6 4. Bg5 Be7 5. e5 Nfd7 6. h4 Nc6 {[%emt 0:00:08] C14: French: Classical System: 4 Bg5 Be7 main line} (6... h6 7. Bxe7 Qxe7 8. Qg4 O-O 9. f4 a6 10. Nf3 c5 11. O-O-O Nc6 12. Rh3 cxd4 13. Nxd4 Nxd4 14. Rxd4 f6 15. exf6 Qxf6 16. Qd1 {½-½ (61) Amonatov,F (2614)-Levin,E (2516) St Petersburg 2018}) 7. Nh3 h6 8. Bxe7 {[%emt 0:00:19] LiveBook: 3 Games} ({Better is} 8. Be3 $14) 8... Qxe7 9. Qg4 g6 (9... O-O $11) 10. O-O-O Nb6 11. Bb5 $146 ({Predecessor:} 11. h5 $16 g5 12. f4 gxf4 13. Qg7 Qf8 14. Qf6 {0-1 (29) Novoselski,Z (2418)-Jeremic,V (2509) Vrnjacka Banja 2010}) 11... Bd7 12. h5 gxh5 13. Qxh5 O-O-O 14. g3 a6 15. Be2 Na5 16. Qf3 (16. Nf4 $14) 16... Nac4 17. Nf4 c5 18. dxc5 Qxc5 19. Nd3 (19. Bxc4 $1 $14 Nxc4 20. Nd3) 19... Qc7 20. Qf4 Kb8 21. Kb1 d4 (21... Nxb2 $17 22. Nxb2 (22. Kxb2 $2 Rc8 $19) 22... Qxc3) 22. Ne4 Nd5 23. Qxf7 Nxe5 24. Qg7 Nxd3 25. Bxd3 e5 26. Rxh6 Rxh6 27. Qxh6 Bg4 (27... Nb4 $14) 28. Re1 Qa5 (28... Nb4 $16) 29. Qd2 Qb6 30. Ka1 (30. Qg5 $18 {has better winning chances.}) 30... Rc8 {[%emt 0:02:11] [#]} 31. Qg5 $2 ({Only move:} 31. a3 $1 $18) 31... Qe6 32. a3 Rg8 33. Qd2 Qc6 34. Qa5 Rf8 35. Qc5 Qxc5 36. Nxc5 {[%emt 0:00:04] Discovered Attack (Double check)} Rxf2 37. Rxe5 Ne3 38. Kb1 Rg2 39. Re8+ Kc7 40. b4 Nd5 41. Rg8 (41. Kb2 $16) 41... Nc3+ 42. Kb2 Rg1 43. Rg7+ Kd8 44. Nxb7+ Kc8 45. Nd6+ Kb8 46. a4 Rb1+ $1 47. Ka3 Ra1+ 48. Kb2 Rb1+ 49. Ka3 Ra1+ 50. Kb2 Rb1+ 51. Ka3 $11 Ra1+ 52. Kb3 Be6+ 53. Bc4 Rb1+ 54. Ka3 Ra1+ 55. Kb2 Rb1+ 56. Ka3 Ra1+ 1/2-1/2

[Event "LTU-chT 2019"]
[Site "Lithuania"]
[Date "2019.01.27"]
[Round "2"]
[White "Vaskevicius, Augustas"]
[Black "Vaznonis, Vytautas"]
[Result "0-1"]
[ECO "D12"]
[WhiteElo "1935"]
[BlackElo "2388"]
[Annotator "NA"]
[PlyCount "94"]
[EventDate "2019.01.26"]
[EventType "team-tourn"]
[EventCountry "LTU"]
[SourceTitle "playchess.com"]
[Source "ChessBase"]
[SourceQuality "1"]
[TimeControl "40/5400+30:1800+30"]

1. Nf3 d5 2. d4 Nf6 3. c4 c6 4. e3 Bf5 5. Bd3 Bxd3 6. Qxd3 e6 {[%emt 0:01:12] LiveBook: 408 Games D12: Slav Defence: 3 Nf3 Nf6 4 e3 Bf5} 7. Nbd2 (7. O-O Nbd7 8. Nbd2 a5 9. e4 dxc4 10. Qxc4 Be7 11. b3 O-O 12. Bb2 a4 13. Rab1 axb3 14. axb3 Ra2 15. Qc2 c5 {½-½ (62) Grachev,B (2645)-Artemiev,V (2696) Sochi 2017}) 7... c5 8. cxd5 $146 ({Predecessor:} 8. dxc5 Bxc5 9. a3 O-O 10. b4 Be7 11. Bb2 Nbd7 12. O-O a5 13. Bc3 axb4 14. axb4 {0-1 (26) Hoeglauer,P (2114)-Schuster,K (2285) Bad Wiessee 2015}) 8... Qxd5 9. O-O cxd4 10. e4 Qd7 11. Qxd4 Nc6 12. Qxd7+ Nxd7 13. Nc4 Nc5 14. e5 O-O-O 15. Bg5 Rd5 16. Rfd1 Nd3 17. a4 h6 18. Be3 Kb8 19. Kf1 Be7 20. Ke2 Rhd8 21. Ne1 Ncxe5 22. Nxe5 Nxe5 23. Rxd5 Rxd5 24. Rd1 Rxd1 25. Kxd1 g5 26. h3 a6 27. b3 Kc7 28. f4 Ng6 29. Nd3 Kc6 30. g4 Kd5 31. Ke2 f6 32. fxg5 hxg5 33. Nb2 Bc5 34. Bd2 Ke4 35. Nd3 Bd4 36. b4 b5 37. axb5 axb5 $2 38. Bc1 Ne7 39. Bd2 Ng6 (39... e5 $19 40. Be1 Ng6 41. Nf2+ Kd5) 40. Bc1 Ne5 41. Ne1 Bc3 42. Nc2 $1 Nc4 43. Ba3 Be5 44. Bc1 Bc3 45. Ba3 Ne5 46. Bc1 Nc6 47. Be3 $19 Bxb4 0-1

[Event "LTU-chT 2019"]
[Site "Lithuania"]
[Date "2019.03.30"]
[Round "3.4"]
[White "Vedrickas, Tautvydas"]
[Black "Vaznonis, Vytautas"]
[Result "1-0"]
[ECO "D15"]
[WhiteElo "2390"]
[BlackElo "2388"]
[Annotator "NA"]
[PlyCount "51"]
[EventDate "2019.01.26"]
[EventType "team-tourn"]
[EventCountry "LTU"]
[SourceTitle "playchess.com"]
[Source "ChessBase"]
[SourceQuality "1"]
[TimeControl "40/5400+30:1800+30"]

1. d4 d5 2. c4 c6 3. Nc3 Nf6 4. Nf3 a6 5. Qc2 dxc4 {[%emt 0:02:20] D15: Slav Defence: 4 Nc3 a6 and gambit lines after 4 Nc3 dxc4} 6. e4 b5 7. b3 cxb3 8. axb3 e6 9. Bd3 Be7 $146 ({Predecessor:} 9... Bb7 10. e5 Nd5 11. Nxd5 cxd5 12. Bxh7 Nc6 13. Be3 {0-1 (20) Pelletier,Y (2541)-Anand,V (2786) Zuerich 2017}) 10. O-O a5 11. Qe2 b4 12. Na4 Ba6 13. Bxa6 Rxa6 14. Bf4 Nfd7 15. Rfd1 O-O 16. Rac1 Re8 17. h3 Ra7 18. Be3 Rb7 19. Nd2 Bd6 20. f4 Bc7 21. Nc4 Qe7 22. Qf3 f5 $16 23. exf5 exf5 24. d5 Nf6 25. d6 Bxd6 26. Nxd6 1-0

[Event "LTU-chT 2019"]
[Site "Lithuania"]
[Date "2019.03.30"]
[Round "3.5"]
[White "Germanavicius, Sarunas"]
[Black "Brazdzionis, Andrius"]
[Result "1/2-1/2"]
[ECO "D95"]
[WhiteElo "2352"]
[BlackElo "2311"]
[Annotator "NA"]
[PlyCount "28"]
[EventDate "2019.01.26"]
[EventType "team-tourn"]
[EventCountry "LTU"]
[SourceTitle "playchess.com"]
[Source "ChessBase"]
[SourceQuality "1"]
[TimeControl "40/5400+30:1800+30"]

1. Nf3 g6 2. d4 Bg7 3. c4 Nf6 4. Nc3 d5 5. e3 O-O 6. Qb3 c6 7. Be2 b6 8. Bd2 Ba6 9. Rc1 e6 10. cxd5 Bxe2 11. Nxe2 Qxd5 12. Qxd5 cxd5 13. Bb4 Re8 14. Nc3 Nc6 $11 1/2-1/2

[Event "LTU-chT 2019"]
[Site "Lithuania"]
[Date "2019.03.30"]
[Round "3.6"]
[White "Stauskas, Lukas"]
[Black "Zilinskas, Vaidotas"]
[Result "1-0"]
[ECO "D45"]
[WhiteElo "2357"]
[BlackElo "2016"]
[Annotator "NA"]
[PlyCount "52"]
[EventDate "2019.01.26"]
[EventType "team-tourn"]
[EventCountry "LTU"]
[SourceTitle "playchess.com"]
[Source "ChessBase"]
[SourceQuality "1"]
[TimeControl "40/5400+30:1800+30"]

1. d4 c6 2. c4 d5 3. Nf3 Nf6 4. Nc3 e6 5. e3 Bb4 6. Qc2 O-O {[%emt 0:00:35] D45: Semi-Slav: 5 e3} 7. Bd3 dxc4 (7... Re8 8. a3 Bf8 9. e4 e5 10. dxe5 Ng4 11. cxd5 Nd7 12. h3 Ngxe5 13. Nxe5 Nxe5 14. Be3 {1-0 (50) Jandourek,L (2254)-Bargel,M (2178) Czech Republic 2018}) 8. Bxc4 c5 9. O-O cxd4 10. exd4 Nbd7 11. Bg5 Qa5 $146 ({Predecessor:} 11... Bxc3 12. bxc3 Qc7 13. Bd3 b6 14. Rac1 Bb7 15. Qe2 Rac8 16. c4 Qd6 17. Rfd1 Rfe8 18. Bh4 h6 19. Ne5 Qf8 20. Bc2 Nxe5 21. dxe5 Nh7 22. Rd7 Bc6 23. Rxa7 {½-½ (38) Niebling,F (2059)-Meinke,D (1906) Buesum 2017}) 12. Rfe1 b5 13. Bd3 Bb7 14. Ne5 h6 15. Bd2 Rac8 16. Re3 ({White should play} 16. a3 $14 Bxc3 17. bxc3 (17. Bxc3 Qd8 $11)) 16... Bd6 ({Better is} 16... Rfd8 $15) 17. Qd1 ({Not} 17. Nxb5 $2 {[#]} Qxb5 $1 18. Bxb5 (18. Qxc8 $2 Qd5 $19) 18... Rxc2 $19) 17... b4 18. Nb5 Bxe5 (18... Bb8 $1 $11) 19. dxe5 Nxe5 (19... Ne4 $16 {was worth a try.}) 20. Rxe5 Rfd8 {[%emt 0:00:19] [#]} 21. Qe2 $1 Rxd3 $2 (21... Qb6 22. Be3 (22. Bxb4 a6 $16) 22... Qc6) 22. Qxd3 a6 23. Nd6 Qxe5 24. Nxc8 ({Not} 24. Nxb7 Nd5 $16) 24... Bxc8 $18 25. Qd8+ Kh7 26. Qxc8 Qxb2 1-0

[Event "LTU-chT 2019"]
[Site "Lithuania"]
[Date "2019.03.30"]
[Round "3.7"]
[White "Tamosaitis, Rimas"]
[Black "Narmontas, Tauras"]
[Result "1/2-1/2"]
[ECO "A45"]
[WhiteElo "2090"]
[BlackElo "2244"]
[Annotator "NA"]
[PlyCount "127"]
[EventDate "2019.01.26"]
[EventType "team-tourn"]
[EventCountry "LTU"]
[SourceTitle "playchess.com"]
[Source "ChessBase"]
[SourceQuality "1"]
[TimeControl "40/5400+30:1800+30"]

1. d4 Nf6 2. Bg5 d5 3. Bxf6 exf6 4. e3 Bd6 5. c4 dxc4 6. Bxc4 O-O 7. Nc3 a6 {[%emt 0:00:48] D00: 1 d4 d5: Unusual lines} (7... Nd7 8. Nge2 f5 9. O-O Nf6 10. Rc1 c6 11. a3 Qe7 12. Qc2 Be6 13. Bxe6 Qxe6 14. h3 Rfe8 15. Rfd1 Rad8 {½-½ (61) Adams,M (2744)-Hebden,M (2467) London 2016}) 8. Nge2 b5 9. Bd5 Ra7 $146 ({Predecessor:} 9... c6 10. Bf3 Ra7 11. O-O f5 12. Qc2 Rc7 13. a3 Re8 14. b4 g6 15. Nc1 {½-½ (73) Enneper,E (2181)-Schracke,G (2234) Germany 2006}) 10. O-O b4 11. Ne4 Bxh2+ 12. Kxh2 Qxd5 13. Nc5 Nd7 14. Nf4 Qd6 15. Ne4 Qe7 16. Ng3 Nb6 17. Qh5 Rd8 18. Rac1 Be6 19. Nxe6 Qxe6 20. Qa5 b3 21. axb3 Qxb3 22. Rc3 Qxb2 23. Rc5 h6 24. Kg1 Qb3 25. Rfc1 Rd7 26. Qa1 Nd5 27. Rb1 Qd3 28. Rd1 {[%emt 0:02:51] [#]} Qg6 $1 29. e4 (29. Qa4 $15 Qg4 30. Ra1) 29... Ne7 30. Qa4 Qg4 31. Rb1 Rd8 32. Ra5 Qd7 33. Qxd7 Rxd7 34. d5 c6 35. Nf5 Nxf5 36. dxc6 Rdc7 37. exf5 Rxc6 38. Rb8+ Kh7 39. Rd5 g6 40. g4 {[%emt 0:01:01] [#]} Rc4 $1 41. f3 h5 42. gxh5 gxh5 43. Kg2 a5 44. Kh3 a4 45. Rdd8 Kh6 46. Rg8 Rac7 $11 47. Ra8 Rc3 48. Rg3 Rc8 49. Rxa4 R3c5 50. Rf4 Rc1 51. Rb4 R8c2 52. Rg2 Rc3 53. Rg3 Rh1+ 54. Kg2 Rcc1 55. Kf2 Rh2+ 56. Ke3 Rc3+ 57. Kd4 h4 58. Rg4 Rxf3 59. Rb8 Kh5 60. Rg7 Kh6 61. Rg4 Kh5 62. Rg7 Rf4+ 63. Ke3 Kh6 64. Rg1 1/2-1/2

[Event "LTU-chT 2019"]
[Site "Lithuania"]
[Date "2019.03.30"]
[Round "3.8"]
[White "Dubovikas, Tomas"]
[Black "Bagvilas, Lukas"]
[Result "1/2-1/2"]
[ECO "A03"]
[WhiteElo "2171"]
[BlackElo "1973"]
[Annotator "NA"]
[PlyCount "112"]
[EventDate "2019.01.26"]
[EventType "team-tourn"]
[EventCountry "LTU"]
[SourceTitle "playchess.com"]
[Source "ChessBase"]
[SourceQuality "1"]
[TimeControl "40/5400+30:1800+30"]

1. f4 d5 2. Nf3 Nc6 3. e3 Bg4 4. Bb5 Qd6 5. h3 (5. b3 Nh6 6. Bb2 f6 7. O-O O-O-O 8. c4 Nf5 9. Nc3 dxc4 10. bxc4 Bxf3 11. Qxf3 Qxd2 12. Bxc6 bxc6 13. Qxc6 {1-0 (20) Williams,S (2455)-Ledger,D (2262) England 2014}) 5... Bxf3 6. Qxf3 {[%emt 0:00:08] A03: Bird's Opening with 1...d5} O-O-O 7. d4 Nf6 8. a3 $146 ({Predecessor:} 8. c3 Ne4 9. Nd2 Nxd2 10. Bxd2 f5 11. Bd3 e6 12. g4 g6 {½-½ (25) Stockman,X (1810)-Van Herck,M (2109) Brasschaat 2010}) 8... Rg8 9. Nc3 g5 10. g3 gxf4 11. gxf4 a6 12. Bd3 Na7 13. b4 e6 14. Bd2 Be7 15. Rb1 Rg7 16. Kf2 Rdg8 17. Rbg1 a5 18. Rxg7 Rxg7 19. Rb1 axb4 20. axb4 Nc6 21. Ne2 Bd8 22. b5 Ne7 23. Bb4 Qd7 24. Ra1 Kb8 25. Bxe7 Qxe7 26. Rg1 Rxg1 27. Nxg1 Qb4 28. Ke2 Ka7 29. Qg2 Qb1 30. Qf1 Qb2 31. Qf3 Be7 32. f5 $15 (32. Qg2 $11) 32... e5 33. dxe5 Qxe5 34. Qf4 Qxf4 35. exf4 Bc5 36. Nf3 Nh5 37. Ng5 Nxf4+ 38. Kf3 Nxd3 39. cxd3 f6 40. Nxh7 Be7 41. Kg4 Kb6 42. Kh5 Kxb5 43. Kg6 c5 44. Nxf6 Bxf6 45. Kxf6 c4 46. dxc4+ dxc4 47. Kg6 c3 48. f6 c2 49. f7 c1=Q 50. f8=Q Qg1+ 51. Kh5 Qg2 52. h4 Qe2+ 53. Kg5 Qg2+ 54. Kh6 Qd2+ 55. Kg6 Qg2+ 56. Kh6 Qd2+ 1/2-1/2